 Dungeon Crawl Stone Soup version 0.27.1 (webtiles) character file.

Game seed: 18024492167398320384

34 nxtlvl the Cutter (level 3, 0/22 HPs)
             Began as a Deep Elf Monk on Sept 3, 2021.
             Succumbed to an adder's poison
             ... on level 2 of the Dungeon.
             The game lasted 00:04:06 (488 turns).

nxtlvl the Cutter (Deep Elf Monk)                    Turns: 488, Time: 00:04:06

Health: 0/22       AC:  6    Str:  8    XL:     3   Next: 14%
Magic:  5/5        EV: 11    Int: 15    God:
Gold:   63         SH:  0    Dex: 17    Spells: 2/2 levels left

rFire    . . .     SeeInvis .   a - +0 short sword
rCold    . . .     Faith    .   (no shield)
rNeg     . . .     Spirit   .   c - +0 ring mail
rPois    .         Reflect  .   b - +0 helmet
rElec    .         Harm     .   (no cloak)
rCorr    .         Rampage  .   (no gloves)
Will     .....                  (no boots)
Stlth    ++........             (no amulet)
HPRegen  0.07/turn              (no ring)
MPRegen  0.09/turn              (no ring)

@: lethally poisoned (0 -> -9), attractive, invisible
A: no striking features
a: no special abilities


You were on level 2 of the Dungeon.
You visited 1 branch of the dungeon, and saw 2 of its levels.

You collected 63 gold pieces.

Inventory:

Hand Weapons
 a - a +0 short sword (weapon)
Missiles
 e - 23 arrows
 j - 14 sling bullets
Armour
 b - a +0 helmet (worn)
 c - a +0 ring mail (worn)
Scrolls
 h - a scroll of acquirement {unknown}
 i - a scroll of fog {unknown}
Potions
 g - a potion of lignification {unknown}


   Skills:
 - Level 2.4 Fighting
 * Level 4.3 Short Blades
 - Level 3.6 Dodging
 - Level 2.4 Stealth


You had 2 spell levels left.
You didn't know any spells.
Your spell library was empty.

Dungeon Overview and Level Annotations

Branches:
Dungeon (2/15)

Altars:

Shops:
D:1 !


Message History

You hit the quokka.
The quokka is almost dead.
The quokka bites you but does no damage.
You hit the quokka but do no damage.
The quokka is almost dead.
The quokka bites you but does no damage.
You closely miss the quokka.
The quokka is almost dead.
The quokka barely misses you.
You closely miss the quokka.
The quokka is almost dead.
The quokka bites you but does no damage.
You hit the quokka.
You kill the quokka!
You closely miss the adder. The adder closely misses you.
You hit the adder but do no damage. The adder bites you.
You are poisoned.
The adder poisons you!
You hit the adder.
The adder is lightly wounded.
You feel sick. The adder barely misses you.
You barely miss the adder.
The adder is lightly wounded.
You feel sick. The adder bites you but does no damage.
You hit the adder but do no damage.
The adder is lightly wounded.
You feel sick. The adder bites you.
* * * LOW HITPOINT WARNING * * *
You are lethally poisoned!
The adder poisons you!
It was a potion of attraction.
You feel attractive to monsters.
* * * LOW HITPOINT WARNING * * *
You feel sick. The adder bites you.
* * * LOW HITPOINT WARNING * * *
You are more poisoned.
The adder poisons you! The adder bites you but does no damage.
It was a potion of invisibility.
You fade into invisibility!
You die...

##########
#.....S...
#.######## #.#
#S# ### #@# ..#
#.# ##
#.#########.#
#.###..........#
#.#.###########
#####)#####
#.........#
#.#######.#
#.#######


You could see an adder.

Vanquished Creatures
  An adder (D:2)
  2 bats (D:1)
  3 endoplasms
  A giant cockroach (D:1)
  4 hobgoblins
  2 quokkas
  3 ball pythons (D:1)
  3 frilled lizards
  2 goblins
  2 kobolds
  2 rats (D:1)
25 creatures vanquished.

Notes
Turn   | Place    | Note
-------+----------+-------------------------------------------
     0 | D:1      | nxtlvl the Deep Elf Monk began the quest for the Orb.
     0 | D:1      | Reached XP level 1. HP: 13/13 MP: 3/3
   115 | D:1      | Reached XP level 2. HP: 14/18 MP: 4/4
   255 | D:1      | Found Okuengid's Distillery.
   383 | D:2      | Reached skill level 4 in Short Blades
   432 | D:2      | Reached XP level 3. HP: 7/22 MP: 5/5
   488 | D:2      | Succumbed to an adder's poison

Illustrated notes

Levels and vault maps discovered:
D:1:      dpeg_arrival_ratfight, layout_rooms, serial_glass, glass_columns_b,
          glass_columns_a, glass_columns_c, glass_columns_a, glass_columns_a,
          glass_columns_b, glass_columns_a, glass_columns_a, glass_columns_a,
          glass_columns_a, glass_columns_b, glass_columns_b, glass_columns_a,
          glass_columns_b, serial_shops, nicolae_lakefront_shop,
          kennysheep_small_spiral, st_stairs_7, supply_closet_lemuel
D:2:      layout_loops_ring, basic_altar, uniq_robin

Skill      XL: |  1  2 |
---------------+-------+-----
Short Blades   | 4 |  4.3
Fighting       | |  2.4
Dodging        | |  3.6
Stealth        | |  2.4

Action                   || total
-------------------------++-------
Melee: Short sword       ||   104
  Use: Potion            ||     2
 Stab: Sleeping          ||     2
Armor: Ring mail         ||    34
Dodge: Dodged            ||    42
